 Dungeon Crawl Stone Soup version 0.31-a0-1447-g87ca8d402b (webtiles) character file.

Game seed: 5555723817641523829

3079 Persephone the Impaler (level 9, -7/66 HPs)
             Began as a Merfolk Berserker on Dec 27, 2023.
             Was an Elder of Trog.
             Killed from afar by Erica (16 damage)
             ... with a bolt of poison
             ... on level 8 of the Dungeon.
             The game lasted 00:11:02 (7026 turns).

Persephone the Impaler (Merfolk Berserker)          Turns: 7026, Time: 00:11:03

Health: -7/66      AC:  8    Str: 20    XL:     9   Next: 89%
Magic:  9/9        EV:  9    Int: 12    God:    Trog [****..]
Gold:   398        SH:  0    Dex: 15    Spells: 8/8 levels left

rFire   . . .        j - +1 scythe (flame)
rCold   . . .        (shield currently unavailable)
rNeg    . . .        g - +0 ring mail
rPois   .            l - +1 helmet
rElec   .            h - +0 cloak
rCorr   +            (no gloves)
SInv    .            (no boots)
Will    .....        q - amulet of magic regeneration
Stlth   +            f - ring of resist corrosion
HPRegen 0.31/turn    c - +6 ring of intelligence
MPRegen 0.51/turn

%: no passive effects
@: lethally poisoned (-7 -> -24), constricted
A: (nimble swimmer 2), mertail
a: Renounce Religion, Berserk, Trog's Hand, Brothers in Arms


You were on level 8 of the Dungeon.
You worshipped Trog.
Trog was greatly pleased with you.
You visited 1 branch of the dungeon, and saw 8 of its levels.
You also visited: Ossuary.

You collected 398 gold pieces.

Inventory:

Hand Weapons
 a - a +0 spear
 j - a +1 scythe of flaming (weapon)
Missiles
 v - a throwing net
Armour
 b - a +0 animal skin
 g - a +0 ring mail (worn)
 h - a +0 cloak (worn)
 l - a +1 helmet (worn)
Jewellery
 c - a +6 ring of intelligence (right hand)
 f - a ring of resist corrosion (left hand)
 q - an amulet of magic regeneration (around neck)
Wands
 n - a wand of mindburst (13)
 s - a wand of light (17)
 C - a wand of charming (6)
Scrolls
 i - 5 scrolls of revelation {unknown}
 p - a scroll of butterflies
 r - 2 scrolls of immolation
 t - 3 scrolls of noise {unknown}
 A - a scroll of teleportation
 D - a scroll of poison
 E - 3 scrolls of identify
Potions
 d - 8 potions of curing
 e - 3 potions of lignification
 k - 3 potions of brilliance
 m - a potion of magic {unknown}
 o - a potion of degeneration {unknown}
 u - a potion of invisibility {unknown}
 w - a potion of attraction {unknown}
 x - a potion of heal wounds {unknown}
 z - a potion of berserk rage {unknown}
 B - 2 potions of ambrosia {unknown}
 F - a potion of mutation {unknown}


   Skills:
 + Level 4.4 Fighting
 - Level 16.0 Polearms
 + Level 2.4 Armour
 + Level 4.5 Dodging
 + Level 2.4 Evocations


You had 8 spell levels left.
You didn't know any spells.
Your spell library was empty.

Dungeon Overview and Level Annotations

Branches:
Dungeon (8/15)             Temple (0/1) D:5         Ossuary (visited)
   Lair: D:8-11

Altars:
Ashenzari
Cheibriados
Elyvilon
Hepliaklqana
Makhleb
Okawaru
Ru
Vehumet
Xom

Shops:
D:2 (

Annotations:
D:8 Erica


Innate Abilities, Weirdness & Mutations

((You are very nimble when in or above water. (Stealth+, EV+, Speed+++)))
Your lower body shifts to a powerful aquatic tail in water.


Message History

It is a scroll of enchant weapon.
Your +0 scythe of flaming glows red for a moment.
E - 2 scrolls of identify (gained 1)
E - 3 scrolls of identify (gained 1)
You now have 398 gold pieces (gained 23).
Auto kill stopped - Too dangerous: Extremely Dangerous (1) Dangerous (0) Easy (0) Harmless (0) Erica the Fiery-Tempered comes into view.
She is wielding a +2 scimitar of flaming.
Erica shouts!
Erica screams, "I'll never tell where it is!"
Erica mumbles some strange words.
Erica flickers and vanishes!
Deactivating autopickup; reactivate with Ctrl-A.
You see here a potion of lignification.
There is a stone staircase leading down here.
You closely miss something. You miss something. Something hits you.
Something burns you. Something grabs you.
You are constricted.
You miss something.
You hear some strange, mumbled words.
Something tries to affect you, but you resist.
You are constricted.
You hit something but do no damage. You miss something. Something hits you.
Something burns you.
You are constricted.
You closely miss something. Something hits you! Something burns you.
You are constricted.
You barely miss something. You barely miss something. Something hits you!!
* * * LOW HITPOINT WARNING * * *
Something burns you.
* * * LOW HITPOINT WARNING * * *
You are constricted.
* * * LOW HITPOINT WARNING * * *
Okay, then.
You feel better.
You hear some strange, mumbled words.
A bolt of poison appears from out of thin air!
The bolt of poison hits you!
You are lethally poisoned!
You die...

....# #. ..#.# ## #§§
..... .. # #§# #.#$#
.#.# #..####.#.#####
.#.# #..[...#.#... ...
#......#.#.#####.#
####.#..#!........#####
......{@..#...........#
..........#...###.###.##
..........#...##.......#
..........#...##......##
..........#...##.#....#
........<.#<...#......#
##................###.#
........[..............
.##.#.#.####<.###.#.


There were no monsters in sight!

Vanquished Creatures
  Sigmund (D:2)
  A wyvern (D:7)
  A water moccasin (D:5)
  2 ice beasts (D:6)
  An orc warrior (D:7)
  An elf zombie (D:4)
  A phantom (D:6)
  2 kobold brigands
  2 bullfrogs
  4 scorpions
  A necrophage (D:4)
  3 elf skeletons (D:4)
  6 wights
  A bombardier beetle (D:6)
  A jelly (D:5)
  Crazy Yiuf (D:2)
  4 hounds
  3 spectral scorpions (Ossuary)
  A human zombie (D:4)
  3 orc priests
  A sleepcap (D:5)
  5 centaur skeletons (Ossuary)
  An iguana (D:6)
  3 human skeletons (D:4)
  3 orc wizards
  A crocodile zombie (Ossuary)
  A hound skeleton (D:4)
  9 mummies (Ossuary)
  Robin (D:3)
  4 gnolls (D:5)
  9 adders
  2 shadow imps
  A white imp (D:6)
  2 ufetubi (D:6)
  3 dart slugs
  21 orcs
  6 ball pythons
  6 endoplasms
  3 giant cockroaches
  20 goblins
  5 hobgoblins
  2 jackals (D:1)
  3 quokkas
  9 bats
  3 frilled lizards
  8 kobolds
  A kobold skeleton (Ossuary)
  4 orc skeletons
  An orc zombie (D:4)
  5 rats
  10 spectral rats (Ossuary)
193 creatures vanquished.

Notes
Turn   | Place    | Note
-------+----------+-------------------------------------------
     0 | D:1      | Persephone the Merfolk Berserker began the quest for the
                  | Orb.
     0 | D:1      | Reached XP level 1. HP: 18/18 MP: 1/1
   100 | D:1      | Reached XP level 2. HP: 18/24 MP: 2/2
   222 | D:1      | Found a faded altar of an unknown god.
   237 | D:1      | Reached skill level 5 in Polearms
   416 | D:1      | Reached XP level 3. HP: 29/29 MP: 3/3
   422 | D:1      | Reached ** piety under Trog
   827 | D:2      | Reached skill level 6 in Polearms
   913 | D:2      | Found a runed translucent door.
   919 | D:2      | Identified the +6 hammer of Voakhausud {drain, Str+3 Dex+7}
   972 | D:2      | Noticed Crazy Yiuf
  1082 | D:2      | Killed Crazy Yiuf
  1083 | D:2      | Reached XP level 4. HP: 35/35 MP: 4/4
  1194 | D:2      | Noticed Sigmund
  1205 | D:2      | Killed Sigmund
  1206 | D:2      | Reached skill level 8 in Polearms
  1206 | D:2      | Reached XP level 5. HP: 20/41 MP: 5/5
  1206 | D:2      | Reached XP level 6. HP: 23/47 MP: 6/6
  1403 | D:2      | Found Ublebrol's Weapon Emporium.
  1815 | D:3      | Reached skill level 9 in Polearms
  2021 | D:3      | Noticed Robin
  2027 | D:3      | Killed Robin
  2384 | D:4      | Reached skill level 10 in Polearms
  2384 | D:4      | Reached XP level 7. HP: 47/52 MP: 7/7
  2708 | D:4      | Reached *** piety under Trog
  2756 | D:4      | Reached skill level 11 in Polearms
  2792 | D:4      | Found a sand-covered staircase.
  2801 | Ossuary  | Entered an ossuary
  2879 | Ossuary  | Reached skill level 12 in Polearms
  2879 | Ossuary  | Reached XP level 8. HP: 28/58 MP: 8/8
  3187 | Ossuary  | Reached skill level 13 in Polearms
  3671 | D:4      | Found a burning altar of Makhleb.
  3676 | D:4      | Reached **** piety under Trog
  3793 | D:4      | Reached skill level 14 in Polearms
  3809 | D:5      | Entered Level 5 of the Dungeon
  3838 | D:5      | Found a broken altar of Ashenzari.
  3954 | D:5      | Found a staircase to the Ecumenical Temple.
  3987 | D:5      | Found a shimmering altar of Xom.
  4295 | D:5      | Found a hazy altar of Hepliaklqana.
  4297 | D:5      | Found a faded altar of an unknown god.
  4300 | D:5      | Reached XP level 9. HP: 64/64 MP: 9/9
  4370 | D:5      | Found an iron altar of Okawaru.
  4526 | D:5      | Reached skill level 15 in Polearms
  4573 | D:5      | Found a radiant altar of Vehumet.
  4736 | D:6      | Reached skill level 16 in Polearms
  5164 | D:6      | Reached skill level 1 in Evocations
  5407 | D:6      | Found a white marble altar of Elyvilon.
  6071 | D:7      | Found a sacrificial altar of Ru.
  6562 | D:7      | Found a snail-covered altar of Cheibriados.
  7014 | D:8      | Noticed Erica
  7025 | D:8      | HP: 1/66 [something (3)]
  7026 | D:8      | Killed from afar by Erica

Illustrated notes

Levels and vault maps discovered:
D:1:      dpeg_arrival_simpleton_b, layout_loops_ring,
          ebering_ecumenical_altar_abandoned
D:2:      layout_loops_ring, serial_shops, shop, uniq_sigmund,
          uniq_crazy_yiuf_cottage
D:3:      layout_basic, uniq_robin
D:4:      nicolae_cairo_tiling_large, layout_rooms, makhleb_blood_cavern_becter,
          nicolae_ossuary_entry_catacombs, serial_curves, eino_curves_01,
          eino_curves_01
D:5:      layout_basic, lemuel_crystal_altar, nicolae_ashenzari_skybound,
          mainiacjoe_overflow_alcove_2, xom_teletrap_fun,
          beargit_hepliaklqana_dungeon_heroes, minmay_temple_entry_ruins
D:6:      layout_loops_ring, mainiacjoe_overflow_catwalk
D:7:      layout_layer_cave, mainiacjoe_overflow_small_starburst,
          kennysheep_slug_shrine, hex_tiny
D:8:      layout_basic, lemuel_crystal_altar, enter_bailey_3, serial_shops,
          shop, roadster_capsule_ark_zombie, uniq_erica, uniq_prince_ribbit1

Skill      XL: |  1  2  3  4  5  6  7  8  9 |
---------------+----------------------------+-----
Polearms       | 5 6 8 10 12 14 16 | 16.0
Dodging        | 4 |  4.5
Evocations     | 2 |  2.4
Armour         | 2 |  2.4
Fighting       | 4 |  4.4

Action                     |  1- 3 |  4- 6 |  7- 9 || total
---------------------------+-------+-------+-------++-------
  Melee: Spear             |   116 |    14 |       ||   130
         Punch             |     1 |       |       ||     1
         Halberd           |       |    92 |   389 ||   481
 Invoke: Berserk           |     2 |     1 |     3 ||     6
         Trog's Hand       |       |       |     3 ||     3
    Use: Scroll            |       |     4 |     7 ||    11
         Potion            |       |       |     1 ||     1
   Stab: Sleeping          |     5 |       |       ||     5
         Distracted        |     1 |       |       ||     1
 Armour: Animal skin       |    45 |       |       ||    45
         Ring mail         |     3 |    64 |   194 ||   261
  Dodge: Dodged            |    50 |    52 |   122 ||   224

Table legend: (Time is in decaauts)
 A = Elapsed time spent in this place.
 B = Non-inter-level travel time spent in this place.
 C = Inter-level travel time spent in this place.
 D = Time resting spent in this place.
 E = Time spent auto-exploring this place.
 F = Levels seen in this place.
 G = Mean time per level.
                   A        B        C        D        E       F      G
               +--------+--------+--------+--------+--------+-----+--------+
         Total |   6989 |   6764 |    225 |      0 |   5648 |   9 |  776.6 |
       Dungeon |   6408 |   6183 |    225 |      0 |   5228 |   8 |  801.0 |
       Ossuary |    580 |    580 |      0 |      0 |    420 |   1 |  580.0 |
               +--------+--------+--------+--------+--------+-----+--------+

Top non-repeatable levels by time:
     D:7: 1236 daAuts
     D:5: 1019 daAuts
     D:2: 928 daAuts
     D:6: 896 daAuts
     D:4: 841 daAuts
     D:1: 794 daAuts
     D:3: 657 daAuts
 Ossuary: 580 daAuts
     D:8: 33 daAuts
